Unix NetHack Version 5.0.0-0 post-release - last build May  4 2026 22:22:43 (774f63e81ad911689b3a0859ea89b322d5daca8d,branch:main).

Game began 2026-05-05 11:41:30, ended 2026-05-05 14:11:50.

01245990302, lawful female human Samurai

                                                               ---------------
               -------------                                 ##..............|
         ######-...........|                                ###|.....<.......|
 --------#     |............#####-------------       ##########---------------
 |.......#     |...........|    #|C.........C|    ####      #
 |......|      |....?......|    #|.....C......##########    #
 |......-######---------|---    #|...-.---...|#     ---.-   #
 |......|     ###################|...|.{.|...|#    #.^..| ###
 --------                 ##    #|..C|{.{|C..|#    #|...| ?
                           #    #|...|.{.|...|#    #|.*..##                ##
                           #    #|...-----...|#  ###|...|                 --.-
                           #### #|.....C.....|####  -----              ###..^|
                              # #|C.........C-#                      ###  |(.|
                              # #-------------#           ##d########!####...|
                              `#############################d@########    |..|
                                                                          ----

01245990302 the Ronin  St:18 Dx:13 Co:18 In:10 Wi:9 Ch:6  Lawful
Dlvl:5  $:58 HP:0(52) Pw:15(15) AC:4  Xp:5 T:3045  Fainted  Deaf

Latest messages:
 You faint from lack of food.
 You regain consciousness.
 You can hear again.
 You faint from lack of food.
 The goblin hits!
 The goblin just misses!
 The goblin hits!
 You regain consciousness.
 You faint from lack of food.
 The goblin hits!
 The goblin hits!
 The goblin hits!
 The goblin hits!
 The goblin hits!
 The goblin hits!
 The goblin hits!
 You regain consciousness.
 You faint from lack of food.
 The goblin hits!
 The goblin hits!
 The goblin hits!
 The goblin hits!
 The goblin hits!
 The goblin hits!
 You regain consciousness.
 You faint from lack of food.
 The goblin hits!
 The goblin hits!
 The goblin hits!
 The goblin hits!
 The goblin hits!
 You regain consciousness.
 You faint from lack of food.
 The goblin hits!
 The goblin hits!
 The goblin hits!
 The goblin hits!
 The goblin misses!
 The goblin hits!
 You regain consciousness.
 You faint from lack of food.
 The coyote bites!
 The coyote bites!
 The coyote bites!
 You die...
 Do you want your possessions identified? [ynq] (y) y
 Do you want to see your attributes? [ynq] (y) y
 Do you want an account of creatures vanquished? [ynaq] (y) y
 Do you want to see your conduct and achievements? [ynq] (y) y
 Do you want to see the dungeon overview? [ynq] (y) y

Inventory:
 Coins    ('$')
  $ - 58 gold pieces
 Weapons  (')')
  d - 28 +0 ya (in quiver)
  n - a rotted +1 sling
  c - a +0 yumi
  p - a +0 dagger
  f - a +0 spear
  a - a +0 katana (weapon in left hand)
  o - a +0 nunchaku
  b - a +0 wakizashi
 Armor    ('[')
  i - an uncursed +0 large shield
  q - an uncursed +0 dwarvish cloak
  e - an uncursed rustproof +0 splint mail (being worn)
 Potions  ('!')
  k - an uncursed potion of gain level
  g - a blessed potion of monster detection
  r - a cursed potion of object detection
 Rings    ('=')
  m - a blessed +3 ring of protection
  j - an uncursed ring of warning
 Tools    ('(')
  h - an uncursed tin whistle
 Gems/Stones  ('*')
  l - 2 uncursed worthless pieces of yellow glass

01245990302 the Samurai's attributes:

Background:
 You were a Ronin, a level 5 female human Samurai.
 You were lawful, nominally on a mission for Amaterasu Omikami
 who was opposed by Raijin (neutral) and Susanowo (chaotic).
 You were left-handed.
 You were in the Dungeons of Doom, on level 5.
 You entered the dungeon 3045 turns ago.
 You had 261 experience points, 59 more were needed to attain level 6.

Basics:
 You had 0 out of 52 hit points.
 You had all 15 energy points (spell power).
 Your armor class was 4.
 Your wallet contained 58 zorkmids.
 Autopickup was off.

Final Characteristics:
 Your strength was 18 (base:18/01, limit:18/100).
 Your dexterity was 13 (limit:18).
 Your constitution was 18 (limit:18).
 Your intelligence was 10 (limit:18).
 Your wisdom was 9 (limit:18).
 Your charisma was 6 (limit:18).

Final Status:
 You were deaf.
 You were fainted due to starvation.
 You were unencumbered.
 You were wielding a long sword.
 You had basic skill with long sword and could have enhanced that.

Final Attributes:
 You were piously aligned.
 You were warded.
 You were fast.
 You are dead.

Miscellaneous:
 You didn't encounter any bones levels.
 Total elapsed playing time was 1 hour, 14 minutes and 17 seconds.

Major events:
 Turn
    1: 01245990302 the lawful female human Samurai entered the dungeon
 1025: attained the rank of Ronin (level 3)
 3045: killed by a coyote, while fainted from lack of food

You didn't know any spells.

Skills:
 Fighting Skills
   martial arts      [Basic]
   two weapon combat [Unskilled]
   riding            [Unskilled]
 Weapon Skills
   dagger            [Unskilled]
   knife             [Unskilled]
   short sword       [Basic]
   broadsword        [Unskilled]
   long sword        [Basic]
   two-handed sword  [Unskilled]
   saber             [Unskilled]
   flail             [Unskilled]
   quarterstaff      [Unskilled]
   polearms          [Unskilled]
   spear             [Unskilled]
   lance             [Unskilled]
   bow               [Basic]
   shuriken          [Unskilled]
 Spellcasting Skills
   attack spells     [Unskilled]
   divination spells [Unskilled]
   clerical spells   [Unskilled]

Voluntary challenges:
 Character rerolling was not enabled.
 You were an atheist.
 You were illiterate.
 You never genocided any monsters.
 You never polymorphed an object.
 You never changed form.
 You used no wishes.
Achievements:
 You attained the rank of Ronin.
 You entered a shop.

 The Dungeons of Doom: levels 1 to 5
    Level 1:
    Level 2:
       An altar.
    Level 3:
       A tool shop, a fountain.
    Level 4:
    Level 5: <- You were here.
       Many fountains.
       Oracle of Delphi.
       Final resting place for
          you, killed by a coyote, while fainted from lack of food.


Vanquished creatures:
  a water nymph
  a pony
  a straw golem
  a paper golem
  3 little dogs
  a dwarf
  a kobold shaman
  a rabid rat
  a centipede
  a dwarf zombie
  a wererat
  3 werejackals
  2 iguanas
  2 acid blobs
  2 coyotes
  a hobbit
  a large kobold
  2 giant rats
 13 jackals
  4 foxes
  a sewer rat
 11 grid bugs
  2 bats
  2 lichens
  a newt
60 creatures vanquished.

No species were genocided or became extinct.

Game over:
                       ----------
                      /          \
                     /    REST    \
                    /      IN      \
                   /     PEACE      \
                  /                  \
                  |   01245990302    |
                  |      58 Au       |
                  |   killed by a    |
                  |      coyote      |
                  |                  |
                  |                  |
                  |       2026       |
                 *|     *  *  *      | *
        _________)/\\_//(\/(/\)/\//\/|_)_______

Sayonara 01245990302 the Samurai...

You died in The Dungeons of Doom on dungeon level 5 with 1297 points,
and 58 pieces of gold, after 3045 moves.
You were level 5 with a maximum of 52 hit points when you died.

